 Dungeon Crawl Stone Soup version 0.28-a0-21-gf74fda84f9 (webtiles) character file.

Game seed: 717011564432385603

700 pkoi the Cleaver (level 7, -2/61 HPs)
             Began as a Minotaur Monk on July 26, 2021.
             Slain by a bullfrog (5 damage)
             ... on level 5 of the Dungeon.
             The game lasted 00:04:54 (5459 turns).

pkoi the Cleaver (Minotaur Monk)                    Turns: 5459, Time: 00:04:54

Health: -2/61      AC:  9    Str: 18    XL:     7   Next: 38%
Magic:  6/6        EV:  8    Int:  7    God:
Gold:   311        SH:  0    Dex: 12    Spells: 6/6 levels left

rFire   . . .      SeeInvis .   a - +0 hand axe
rCold   . . .      Faith    .   (no shield)
rNeg    . . .      Spirit   .   g - +0 chain mail
rPois   .          Reflect  .   (helmet restricted)
rElec   .          Harm     .   (no cloak)
rCorr   .          Rampage  .   (no gloves)
Will    .....                   (no boots)
Stlth   ..........              (no amulet)
HPRegen 0.20/turn               (no ring)
MPRegen 0.10/turn               (no ring)

@: no status effects
A: horns 2, retaliatory headbutt
a: no special abilities


You were on level 5 of the Dungeon.
You visited 1 branch of the dungeon, and saw 5 of its levels.

You collected 311 gold pieces.

Inventory:

Hand Weapons
 a - a +0 hand axe (weapon)
Armour
 g - a +0 chain mail (worn)
Jewellery
 d - a ring of ice
Wands
 b - a wand of flame (15)
Scrolls
 e - a scroll of teleportation
 h - a scroll of identify
 j - a scroll of torment
Potions
 f - 2 potions of brilliance {unknown}
 i - a potion of curing


   Skills:
 + Level 5.1 Fighting
 * Level 9.0 Axes
 + Level 3.3 Armour
 - Level 3.2 Dodging
 - Level 1.5 Stealth


You had 6 spell levels left.
You didn't know any spells.
Your spell library contained the following spells:

 Spells                   Type           Power      Damage    Failure   Level
 Slow                     Hex            0%         N/A       100%        2
 Confusing Touch          Hex            0%         N/A       100%        3
 Vampiric Draining        Necr           0%         2d6       100%        3
 Passage of Golubria      Tloc           N/A        N/A       100%        4
 Silence                  Hex/Air        0%         N/A       100%        5
 Lehudib's Crystal Spear  Conj/Erth      0%         10d2      100%        8


Dungeon Overview and Level Annotations

Branches:
Dungeon (5/15)
 Temple: D:4-7

Altars:
Elyvilon
Nemelex Xobeh
Zin
The Shining One

Shops:
D:4 [   D:5 [


Innate Abilities, Weirdness & Mutations

You have a pair of horns on your head.
You reflexively headbutt those who attack you in melee.


Message History

You hit the orc.
The orc wizard gestures at you while chanting.
You resist with some effort. The orc hits you but does no damage.
Unknown command.
You hit the orc wizard.
You kill the orc wizard!
You closely miss the orc. The orc hits you with a +0 whip.
* * * LOW HITPOINT WARNING * * *
Unknown command.
You slash the orc!
You kill the orc!
You see here a +0 whip.
A bullfrog comes into view.
Things that are here:
a +0 flail; a +0 leather armour; an orc corpse The bullfrog croaks.
You hit the bullfrog. Your headbutt misses the bullfrog.
The bullfrog is moderately wounded.
The bullfrog hits you.
* * * LOW HITPOINT WARNING * * *
The bullfrog closely misses you. You furiously retaliate!
You headbutt the bullfrog! The bullfrog hits you.
* * * LOW HITPOINT WARNING * * *
The bullfrog barely misses you. You furiously retaliate!
You headbutt the bullfrog, but do no damage.
The bullfrog hits you.
* * * LOW HITPOINT WARNING * * *
The bullfrog hits you but does no damage.
You hit the bullfrog.
The bullfrog is severely wounded.
The bullfrog hits you!
* * * LOW HITPOINT WARNING * * *
The bullfrog barely misses you.
You barely miss the bullfrog.
The bullfrog is severely wounded.
The bullfrog misses you.
You hit the bullfrog. Your headbutt misses the bullfrog.
The bullfrog is almost dead.
The bullfrog hits you.
You die...

..................#.##...........
...[.............................
##.....#.........................
.......###.......................
..........#..............##......
..........#..............# .
......###................# ..
........................##... .)#
..........F@...)........ ..#
................))....... ..#
..##......#......)..##.. ...
..........#..........# #
..................##.....
...#.........#...........
#####.#........####.#..#.....
......#.....#### ###### # ..
##.##........#.## .


You could see a bullfrog.

Vanquished Creatures
  A sky beast (D:4)
  An ogre (D:5)
  A scorpion (D:5)
  2 water moccasin skeletons
  An orc priest (D:5)
  A jelly (D:5)
  A centaur skeleton (D:4)
  2 bullfrog skeletons
  An orc wizard (D:5)
  A hound zombie (D:5)
  4 gnolls
  7 adders
  A white imp (D:5)
  A worm (D:4)
  3 dart slugs
  6 orcs
  5 ball pythons
  6 endoplasms
  4 giant cockroaches
  10 goblins
  7 hobgoblins
  6 jackals
  2 quokkas
  3 bats
  5 frilled lizards
  7 kobolds
  3 rats
92 creatures vanquished.

Vanquished Creatures (others)
  4 plants
  4 toadstools (D:2)
8 creatures vanquished.

Grand Total: 100 creatures vanquished

Notes
Turn   | Place    | Note
-------+----------+-------------------------------------------
     0 | D:1      | pkoi the Minotaur Monk began the quest for the Orb.
     0 | D:1      | Reached XP level 1. HP: 19/19 MP: 0/0
    29 | D:1      | Reached skill level 4 in Axes
   340 | D:1      | Reached XP level 2. HP: 26/26 MP: 1/1
   751 | D:1      | Reached skill level 5 in Axes
   762 | D:1      | Reached XP level 3. HP: 28/31 MP: 2/2
  1565 | D:2      | Reached skill level 6 in Axes
  1565 | D:2      | Reached XP level 4. HP: 38/39 MP: 3/3
  1600 | D:2      | Found a faded altar of an unknown god.
  2117 | D:3      | Noticed a sky beast
  2552 | D:3      | Reached XP level 5. HP: 21/45 MP: 4/4
  2966 | D:3      | Reached skill level 7 in Axes
  3157 | D:4      | Found Mixo's Armour Boutique.
  3285 | D:4      | Noticed a sky beast
  3305 | D:4      | Killed a sky beast
  3306 | D:4      | Reached skill level 1 in Armour
  3545 | D:4      | Reached XP level 6. HP: 52/52 MP: 5/5
  3891 | D:4      | Reached skill level 8 in Axes
  4414 | D:4      | Found a white marble altar of Elyvilon.
  4414 | D:4      | Found a glowing silver altar of Zin.
  4414 | D:4      | Found a glowing golden altar of the Shining One.
  4510 | D:5      | Entered Level 5 of the Dungeon
  4810 | D:5      | Found a sparkling altar of Nemelex Xobeh.
  4833 | D:5      | Reached XP level 7. HP: 53/60 MP: 6/6
  4908 | D:5      | Found Rotzeax's Armour Shoppe.
  5346 | D:5      | Reached skill level 5 in Fighting
  5438 | D:5      | Reached skill level 9 in Axes
  5457 | D:5      | HP: 3/61 [bullfrog (7)]
  5459 | D:5      | Slain by a bullfrog

Illustrated notes

Levels and vault maps discovered:
D:1:      dpeg_arrival_central, layout_basic
D:2:      layout_basic, basic_ecumenical_altar, minmay_gold_behind_fungi
D:3:      layout_basic, serial_shops, shop
D:4:      layout_basic, good_gods_mini_temple, serial_shops,
          nicolae_shop_waterfront, serial_bayou_crossing
D:5:      layout_cave_pools, nicolae_overflow_hidden_temple, serial_shops, shop,
          serial_bayou_pond_b, minmay_misc_feat_hallway,
          hangedman_decor_clover_reticule

Skill      XL: |  1  2  3  4  5  6  7 |
---------------+----------------------+-----
Axes           | 4 5 6 7 8 9 |  9.0
Fighting       | 4 5 |  5.1
Armour         | 1 2 3 |  3.3
Dodging        | |  3.2
Stealth        | |  1.5

Action                   |  1- 3 |  4- 6 |  7- 9 || total
-------------------------+-------+-------+-------++-------
Melee: Hand axe          |    82 |   123 |    48 ||   253
       Headbutt          |    15 |    22 |     9 ||    46
  Use: Potion            |       |     2 |       ||     2
       Scroll            |       |       |     6 ||     6
 Stab: Sleeping          |     6 |       |       ||     6
Armor: Robe              |     6 |       |       ||     6
       Chain mail        |     7 |    64 |    30 ||   101
Dodge: Dodged            |    48 |    46 |    13 ||   107

Table legend: (Time is in decaauts)
 A = Elapsed time spent in this place.
 B = Non-inter-level travel time spent in this place.
 C = Inter-level travel time spent in this place.
 D = Time resting spent in this place.
 E = Time spent auto-exploring this place.
 F = Levels seen in this place.
 G = Mean time per level.
                   A        B        C        D        E       F      G
               +--------+--------+--------+--------+--------+-----+--------+
         Total |   5474 |   5211 |    263 |   1427 |   2949 |   5 | 1094.8 |
       Dungeon |   5474 |   5211 |    263 |   1427 |   2949 |   5 | 1094.8 |
               +--------+--------+--------+--------+--------+-----+--------+

Top non-repeatable levels by time:
     D:4: 1697 daAuts
     D:1: 1139 daAuts
     D:2: 1136 daAuts
     D:5: 779 daAuts
     D:3: 721 daAuts
